 Dungeon Crawl Stone Soup version 0.31-a0-237-g2d982f9f85 (webtiles) character file.

Game seed: 13230914200544955134

59 qw the Shooter (level 3, -4/29 HPs)
             Began as a Minotaur Hexslinger on July 11, 2023.
             Slain by Sigmund
             ... wielding a +0 scythe
              (10 damage)
             ... on level 2 of the Dungeon.
             The game lasted 00:00:35 (1084 turns).

qw the Shooter (Minotaur Hexslinger)                Turns: 1084, Time: 00:00:36

Health: -4/29      AC:  2    Str: 12    XL:     3   Next: 78%
Magic:  3/3        EV: 12    Int: 10    God:
Gold:   172        SH:  0    Dex: 14    Spells: 3/4 levels left

rFire   . . .        b - +0 sling (flame)
rCold   . . .        (no shield)
rNeg    . . .        c - +0 robe
rPois   .            (helmet restricted)
rElec   .            (no cloak)
rCorr   .            (no gloves)
SInv    .            (no boots)
Will    .....        (no amulet)
Stlth   +            (no ring)
HPRegen 0.24/turn    (no ring)
MPRegen 0.08/turn

%: no passive effects
@: no status effects
A: horns 2, retaliatory headbutt
a: no special abilities


You were on level 2 of the Dungeon.
You visited 1 branch of the dungeon, and saw 2 of its levels.

You collected 172 gold pieces.


Innate Abilities, Weirdness & Mutations

You have a pair of horns on your head.
You reflexively headbutt those who attack you in melee.


   Skills:
 - Level 2.0 Fighting
 + Level 4.3 Ranged Weapons
 - Level 2.1 Dodging
 - Level 1.0 Spellcasting
 - Level 2.0 Hexes


You had 3 spell levels left.
You knew the following spells:

 Your Spells              Type           Power      Damage    Failure   Level
a - Slow                  Hex            16%        N/A       16%         1

Your spell library contained the following spells:

 Spells                   Type           Power      Damage    Failure   Level
 Inner Flame              Hex/Fire       2%         N/A       56%         3
 Portal Projectile        Hex/Tloc       4%         N/A       56%         3
 Cause Fear               Hex            2%         N/A       83%         4

Inventory:

Hand Weapons
 b - a +0 sling of flaming (weapon)
Armour
 c - a +0 robe (worn)
Scrolls
 g - a scroll of identify
Potions
 a - 2 potions of heal wounds {unknown}
 d - 2 potions of curing {unknown}
 h - a potion of enlightenment {unknown}
 j - a potion of haste {unknown}

Dungeon Overview and Level Annotations

Branches:
Dungeon (2/15)

Altars:

Annotations:
D:2 Sigmund


Message History

The magic dart hits you.
1056 ||| FLEEEEING.
The kobold shouts!
1057 ||| FLEEEEING.
You see here an adder corpse.
1058 ||| FLEEEEING.
1059 ||| FLEEEEING.
1060 ||| FLEEEEING.
1061 ||| FLEEEEING.
Sigmund casts a spell.
Sigmund flickers and vanishes!
Deactivating autopickup; reactivate with Ctrl-A.
1062 ||| FLEEEEING.
A puff of flame appears from out of thin air!
The puff of flame hits you!
1063 ||| STILL FLEEEEING.
1064 ||| STILL FLEEEEING.
1065 ||| STILL FLEEEEING.
1066 ||| STILL FLEEEEING.
1067 ||| STILL FLEEEEING.
1068 ||| STILL FLEEEEING.
1069 ||| STILL FLEEEEING.
1070 ||| STILL FLEEEEING.
1071 ||| STILL FLEEEEING.
You shoot a sling bullet. You shoot a sling bullet. You shoot a sling bullet.
You shoot a sling bullet.
1076 ||| FLEEEEING.
1077 ||| FLEEEEING.
A magic dart appears from out of thin air!
The magic dart hits you.
1078 ||| FLEEEEING.
You are confused.
A magic dart appears from out of thin air!
The magic dart hits you. Something hits you!
You feel less confused. Something hits you!
You die...

#####.# #8%...%..# #.# #...#.#
#........# #.# #.#.#.#
#..%.....# #.# ....#.#
#..%.....# #.# #.###.#
#8....%._# #.# %.# #.#
########## #.#
#####.####.#####.# #.#
..............##.# #.#
##..#.####.##...@######.######
##..#.# #.#####..{K.........#
##....# #.# #.#############
###..## #.# #.# ....##
#.#####.## ###.# #........#
###.# #........# ....#
##........# .#### #........##


You could see a kobold.

Vanquished Creatures
  2 adders (D:2)
  2 dart slugs (D:2)
  An orc (D:2)
  3 ball pythons (D:2)
  4 endoplasms
  2 giant cockroaches
  2 goblins
  4 hobgoblins (D:2)
  A quokka (D:1)
  6 bats
  4 kobolds
  5 rats
36 creatures vanquished.

Notes
Turn   | Place    | Note
-------+----------+-------------------------------------------
     0 | D:1      | qw the Minotaur Hexslinger began the quest for the Orb.
     0 | D:1      | Reached XP level 1. HP: 16/16 MP: 1/1
     0 | D:1      | 0 ||| qw: Version: 0.3-a-52-g30416fa
     0 | D:1      | 0 ||| qw: Game counter: 5709
     0 | D:1      | 0 ||| qw: Melee chars always use a shield: true
     0 | D:1      | 0 ||| qw: God list: Okawaru
     0 | D:1      | 0 ||| qw: Allow faded altars: false
     0 | D:1      | 0 ||| qw: Do Orc after clearing Dungeon:15 true
     0 | D:1      | 0 ||| qw: Do second Lair branch before Depths: true
     0 | D:1      | 0 ||| qw: Lair rune preference: random
     0 | D:1      | 0 ||| qw: Goals: Normal
     0 | D:1      | 0 ||| PLANNING D:1-11
    97 | D:1      | Reached skill level 3 in Ranged Weapons
   102 | D:1      | Reached XP level 2. HP: 13/23 MP: 2/2
   492 | D:1      | 492 ||| READING scroll labelled HAZOGR JAWK.
   537 | D:1      | 537 ||| READING scroll labelled BARANNEPSU.
   538 | D:1      | 538 ||| READING 2 scrolls labelled HAUM ECHAEREU.
   539 | D:1      | 539 ||| READING scroll labelled QANGACROFO.
   540 | D:1      | 540 ||| DROPPING scroll of poison.
   604 | D:2      | 604 ||| FLEEEEING.
   605 | D:2      | 605 ||| FLEEEEING.
   710 | D:2      | Reached XP level 3. HP: 29/29 MP: 3/3
   822 | D:2      | Found a faded altar of an unknown god.
   868 | D:2      | Reached skill level 4 in Ranged Weapons
   939 | D:2      | 939 ||| Stepping ~*~*~tactically~*~*~ (outnumbered).
   941 | D:2      | 941 ||| FLEEEEING.
   945 | D:2      | 945 ||| FLEEEEING.
   946 | D:2      | 946 ||| FLEEEEING.
   947 | D:2      | 947 ||| FLEEEEING.
   948 | D:2      | 948 ||| FLEEEEING.
   949 | D:2      | 949 ||| FLEEEEING.
   950 | D:2      | 950 ||| FLEEEEING.
   951 | D:2      | 951 ||| FLEEEEING.
   952 | D:2      | 952 ||| FLEEEEING.
   953 | D:2      | 953 ||| FLEEEEING.
   970 | D:2      | 970 ||| SWAPPING to +0 sling of flaming.
   971 | D:2      | 971 ||| DROPPING +1 sling of chaos.
   983 | D:2      | 983 ||| FLEEEEING.
  1054 | D:2      | Noticed Sigmund
  1056 | D:2      | 1056 ||| FLEEEEING.
  1057 | D:2      | 1057 ||| FLEEEEING.
  1058 | D:2      | 1058 ||| FLEEEEING.
  1059 | D:2      | 1059 ||| FLEEEEING.
  1060 | D:2      | 1060 ||| FLEEEEING.
  1061 | D:2      | 1061 ||| FLEEEEING.
  1062 | D:2      | 1062 ||| FLEEEEING.
  1076 | D:2      | 1076 ||| FLEEEEING.
  1077 | D:2      | 1077 ||| FLEEEEING.
  1078 | D:2      | 1078 ||| FLEEEEING.
  1083 | D:2      | HP: 6/29 [something (8)]
  1084 | D:2      | Slain by Sigmund

Levels and vault maps discovered:
D:1:      giann_horns, layout_rooms, serial_forest, infiniplex_forest_lined_3,
          infiniplex_forest_lined_2, infiniplex_forest_corner_2,
          infiniplex_forest_clump_small, kennysheep_crisscross, st_stairs_14
D:2:      layout_basic, shapermc_ecumenical_altar_pompeii, uniq_sigmund

Skill      XL: |  1  2  3 |
---------------+----------+-----
Ranged Weapons | 3 4 |  4.3
Fighting       | 2 |  2.0
Dodging        | |  2.1
Spellcasting   | |  1.0
Hexes          | |  2.0

Action                     || total
---------------------------++-------
   Fire: Sling             ||    90
    Use: Scroll            ||     4
 Armour: Robe              ||    12
  Dodge: Dodged            ||    18

Table legend:
 A = Non-vault XP
 B = Vault XP
 C = Vault XP percentage of total XP
 D = Non-vault monster count
 E = Vault monster count
 F = Vault count percentage of total count
                 A         B        C        D         E       F
            +---------+---------+-------+---------+---------+-------
      Total |      83 |       2 |   2.4 |      35 |       1 |   2.8
            +---------+---------+-------+---------+---------+-------
        D:1 |      25 |       2 |   7.4 |      17 |       1 |   5.6
        D:2 |      58 |       0 |   0.0 |      18 |       0 |   0.0
            +---------+---------+-------+---------+---------+-------
